 Dungeon Crawl Stone Soup version 0.28-a0-1235-g7c8fac35f0 (webtiles) character file.

Game seed: 14366741956646186770

2655 Mesmaeker13 the Destroyer (level 9, 0/50 HPs)
             Began as a Tengu Conjurer on Dec 24, 2021.
             Was a Follower of Vehumet.
             Slain by a vampire mosquito (7 damage)
             ... on level 7 of the Dungeon.
             The game lasted 00:13:33 (9199 turns).

Mesmaeker13 the Destroyer (Tengu Conjurer)          Turns: 9199, Time: 00:13:34

Health: 0/50       AC:  5    Str:  7    XL:     9   Next: 62%
Magic:  12/19      EV: 17    Int: 24    God:    Vehumet [*.....]
Gold:   272        SH:  0    Dex: 12    Spells: 6/20 levels left

rFire   . . .      SeeInvis .   d - +1 dagger
rCold   . . .      Faith    .   (no shield)
rNeg    . . .      Spirit   .   a - +0 robe
rPois   .          Reflect  .   (helmet restricted)
rElec   .          Harm     .   v - +1 cloak
rCorr   .          Rampage  .   h - +0 pair of gloves
Will    +....                   (boots unavailable)
Stlth   ++........              (no amulet)
HPRegen 0.16/turn               n - ring of willpower
MPRegen 0.16/turn               o - +4 ring of slaying

@: flying quickly and evasively, quick
A: beak, talons 3, nimble flight
a: Renounce Religion


You were on level 7 of the Dungeon.
You worshipped Vehumet.
Vehumet was aware of your devotion.
You visited 2 branches of the dungeon, and saw 8 of its levels.

You collected 272 gold pieces.

Inventory:

Hand Weapons
 d - a +1 dagger (weapon)
 w - a +0 trident
Missiles
 l - 2 curare-tipped darts (quivered)
Armour
 a - a +0 robe (worn)
 h - a +0 pair of gloves (worn)
 v - a +1 cloak (worn)
Jewellery
 n - a ring of willpower (left hand)
 o - a +4 ring of slaying (right hand)
Wands
 y - a wand of flame (22)
Scrolls
 b - 5 scrolls of blinking
 c - a scroll of fear {unknown}
 e - 2 scrolls of magic mapping
 k - a scroll of noise {unknown}
 m - a scroll of torment {unknown}
 p - a scroll of enchant weapon
 s - a scroll of enchant armour {unknown}
 t - a scroll of brand weapon {unknown}
 u - 2 scrolls of fog {unknown}
Potions
 f - 3 potions of haste {unknown}
 g - 2 potions of flight {unknown}
 i - a potion of attraction {unknown}
 j - 2 potions of curing
 q - 4 potions of degeneration {unknown}
 r - a potion of heal wounds {unknown}
 x - a potion of mutation {unknown}


   Skills:
 - Level 3.1 Fighting
 + Level 7.4 Dodging
 - Level 2.0 Stealth
 + Level 6.2 Spellcasting
 + Level 10.0 Conjurations
 + Level 5.3 Necromancy


You had 6 spell levels left.
You knew the following spells:

 Your Spells              Type           Power      Damage    Failure   Level
a - Magic Dart            Conj           100%       1d8       1%          1
b - Searing Ray           Conj           100%       2d8       1%          2
c - Fulminant Prism       Conj/Hex       15%        3d11      10%         4
d - Animate Dead          Necr           16%        N/A       9%          4
e - Mephitic Cloud        Conj/Pois/Air  23%        N/A       6%          3

Your spell library contained the following spells:

 Spells                   Type           Power      Damage    Failure   Level
 Freeze                   Ice            28%        1d5       8%          1
 Dazzling Flash           Conj/Hex       62%        N/A       3%          3
 Iskenderun's Mystic Bla  Conj/Tloc      31%        2d8       10%         4
 Call Imp                 Summ           7%         N/A       12%         2
 Haunt                    Necr/Summ      10%        N/A       100%        7
 Infestation              Necr           16%        N/A       100%        8


Dungeon Overview and Level Annotations

Branches:
Dungeon (7/15)             Temple (1/1) D:5

Altars:
Ashenzari
Cheibriados
Dithmenos
Elyvilon
Fedhas
Gozag
Makhleb
Nemelex Xobeh
Qazlal
Ru
Sif Muna
Trog
Uskayaw
Vehumet
Wu Jian
Xom
Yredelemnul
Zin
The Shining One

Shops:
D:2 =

Annotations:
D:6 1 runed translucent door, mcbry74's ghost, novice TrBe


Innate Abilities, Weirdness & Mutations

You have a beak for a mouth.
You have claws for feet.
Your magical nature lets you fly swiftly and evasively.


Message History

The vampire mosquito draws strength from your injuries!
The vampire mosquito misses you.
Unknown command.
The searing ray hits the vampire mosquito!
The vampire mosquito is moderately damaged.
The vampire mosquito misses you. The vampire mosquito barely misses you.
The vampire mosquito bites you but does no damage.
The vampire mosquito barely misses you.
Unknown command.
The searing ray hits the vampire mosquito.
The vampire mosquito is heavily damaged.
You finish channelling your searing ray.
The vampire mosquito closely misses you. x2
The vampire mosquito misses you. The vampire mosquito bites you!
The vampire mosquito draws strength from your injuries!
Unknown command.
The vampire mosquito misses you.
The vampire mosquito closely misses you.
The vampire mosquito bites you!
The vampire mosquito draws strength from your injuries!
Unknown command.
Casting: Searing Ray (safe; 1% risk of failure)
Confirm with . or Enter, or press ? or * to list all spells.
Aiming: Searing Ray (safe; 1% risk of failure)
Press: ? - help, Shift-Dir - straight line, f/p - vampire mosquito
Aim: a vampire mosquito (moderately damaged, 72% to hit)
The searing ray hits the vampire mosquito!
The vampire mosquito is heavily damaged. (Press . to maintain the ray.)
The vampire mosquito misses you. The vampire mosquito bites you!
The vampire mosquito draws strength from your injuries!
The vampire mosquito bites you but does no damage.
The vampire mosquito barely misses you.
The searing ray misses the vampire mosquito.
The vampire mosquito completely misses you.
The vampire mosquito bites you!
* * * LOW HITPOINT WARNING * * *
The vampire mosquito draws strength from your injuries!
The vampire mosquito bites you!
You die...

### #<# #.# ######### #.#
.......# #.# #.♣.♣.♣.# #.#
###.......# ###.# #@y......<#
....# #y#.......##### #####
#.#.♣.♣.♣.#...#
#.#.......#.### ##.#########.#
###############..####.####.###
..>...................#......#
..........#########.#.#.######
..................#.#.......#


You could see 2 vampire mosquitoes.

Vanquished Creatures
  Sigmund (D:2)
  A wyvern (D:7)
  3 water moccasins
  2 sky beasts (D:7)
  An ice beast (D:5)
  An orc warrior (D:7)
  A necrophage (D:4)
  An ogre (D:5)
  2 centaurs (D:6)
  2 kobold brigands
  A bullfrog (D:7)
  A gnoll sergeant (D:6)
  4 scorpions
  A bullfrog zombie (D:7)
  2 hounds
  4 orc priests
  A jelly (D:6)
  A bullfrog skeleton (D:5)
  Crazy Yiuf (D:2)
  Terence (D:2)
  3 iguanas
  Natasha (D:2)
  4 orc wizards
  A hound skeleton (D:5)
  8 gnolls
  8 adders
  2 river rats (D:6)
  A shadow imp (D:6)
  4 white imps
  2 worms (D:3)
  A dart slug (D:1)
  14 orcs
  6 endoplasms
  3 giant cockroaches
  12 goblins
  7 hobgoblins
  8 jackals
  22 kobolds
  2 quokkas
  9 ball pythons
  6 bats
  2 frilled lizards (D:2)
  4 rats
162 creatures vanquished.

Vanquished Creatures (others)
  4 fulminant prisms
4 creatures vanquished.

Grand Total: 166 creatures vanquished

Notes
Turn   | Place    | Note
-------+----------+-------------------------------------------
     0 | D:1      | Mesmaeker13 the Tengu Conjurer began the quest for the Orb.
     0 | D:1      | Reached XP level 1. HP: 10/10 MP: 4/4
   134 | D:1      | Reached XP level 2. HP: 15/15 MP: 1/6
   582 | D:1      | Reached XP level 3. HP: 19/19 MP: 4/7
  1045 | D:2      | Learned a level 2 spell: Searing Ray
  1161 | D:2      | Reached skill level 6 in Conjurations
  1214 | D:2      | Reached XP level 4. HP: 24/24 MP: 3/9
  1300 | D:2      | Noticed Sigmund
  1310 | D:2      | Killed Sigmund
  1311 | D:2      | Gained mutation: Your magical nature lets you fly swiftly
                  | and evasively. [Tengu growth]
  1311 | D:2      | Reached XP level 5. HP: 22/28 MP: 2/11
  1424 | D:2      | Found Qaugept's Jewellery Boutique.
  1512 | D:2      | Reached XP level 6. HP: 32/32 MP: 5/12
  1760 | D:2      | Noticed Terence
  1768 | D:2      | Killed Terence
  1769 | D:2      | Reached skill level 7 in Conjurations
  1957 | D:2      | Found a runed translucent door.
  1958 | D:2      | Noticed Crazy Yiuf
  2095 | D:2      | Noticed Natasha
  2098 | D:2      | Killed Natasha
  2284 | D:2      | Killed Crazy Yiuf
  2598 | D:3      | Learned a level 4 spell: Fulminant Prism
  3723 | D:3      | Reached XP level 7. HP: 16/36 MP: 6/14
  4067 | D:4      | Learned a level 4 spell: Animate Dead
  4085 | D:4      | Reached skill level 5 in Dodging
  4085 | D:4      | Reached skill level 1 in Necromancy
  4439 | D:4      | Reached skill level 8 in Conjurations
  5248 | D:5      | Entered Level 5 of the Dungeon
  5390 | D:5      | Found a staircase to the Ecumenical Temple.
  5404 | Temple   | Entered the Ecumenical Temple
  5627 | Temple   | Became a worshipper of Vehumet
  5673 | D:5      | Reached XP level 8. HP: 41/41 MP: 3/16
  6128 | D:5      | Reached skill level 1 in Fighting
  6128 | D:5      | Reached skill level 5 in Spellcasting
  6831 | D:6      | Reached skill level 9 in Conjurations
  6991 | D:6      | Found a runed translucent door.
  6999 | D:6      | Reached * piety under Vehumet
  6999 | D:6      | Offered knowledge of Freeze by Vehumet.
  7232 | D:6      | Reached XP level 9. HP: 49/49 MP: 7/18
  7357 | D:6      | Noticed mcbry74's ghost (novice TrBe)
  8214 | D:6      | Learned a level 3 spell: Mephitic Cloud
  8605 | D:7      | Reached skill level 5 in Necromancy
  8957 | D:7      | Reached skill level 10 in Conjurations
  9199 | D:7      | Slain by a vampire mosquito

Illustrated notes

Levels and vault maps discovered:
D:1:      enne_arrival_octagon_isle, layout_basic
D:2:      layout_loops_ring, serial_shops, shop, uniq_crazy_yiuf_cottage,
          uniq_sigmund, uniq_natasha, uniq_terence
D:3:      layout_loops_ring
D:4:      layout_basic
D:5:      layout_basic, temple_fountains
D:6:      layout_basic, portal_sewer_entry_b, ebering_ghost_sewer_d
D:7:      layout_basic, serial_shops, nicolae_diamond_shop, grunt_ministairs_3,
          abandoned_shop
Temple:   mainiacjoe_temple_bowtie_tessellation

Skill      XL: |  1  2  3  4  5  6  7  8  9 |
---------------+----------------------------+-----
Dodging        | 3 4 5 6 7 |  7.4
Conjurations   | 6 7 8 9 10 | 10.0
Spellcasting   | 3 4 5 6 |  6.2
Necromancy     | 2 4 5 |  5.3
Fighting       | 2 3 |  3.1
Stealth        | |  2.0

Action                   |  1- 3 |  4- 6 |  7- 9 || total
-------------------------+-------+-------+-------++-------
Melee: Dagger            |       |       |     1 ||     1
Throw: Dart              |       |       |     2 ||     2
 Cast: Magic Dart        |    70 |    38 |   149 ||   257
       Searing Ray       |       |    17 |    40 ||    57
       Fulminant Prism   |       |       |     4 ||     4
Evoke: Wand              |       |       |     2 ||     2
  Use: Scroll            |       |     2 |     2 ||     4
       Potion            |       |       |     1 ||     1
Armor: Robe              |       |       |    16 ||    16
Dodge: Dodged            |     3 |     6 |    71 ||    80

Table legend: (Time is in decaauts)
 A = Elapsed time spent in this place.
 B = Non-inter-level travel time spent in this place.
 C = Inter-level travel time spent in this place.
 D = Time resting spent in this place.
 E = Time spent auto-exploring this place.
 F = Levels seen in this place.
 G = Mean time per level.
                   A        B        C        D        E       F      G
               +--------+--------+--------+--------+--------+-----+--------+
         Total |   8794 |   8558 |    236 |   1565 |   5906 |   8 | 1099.2 |
       Dungeon |   8575 |   8372 |    203 |   1565 |   5732 |   7 | 1225.0 |
        Temple |    218 |    186 |     32 |      0 |    173 |   1 |  218.0 |
               +--------+--------+--------+--------+--------+-----+--------+

Top non-repeatable levels by time:
     D:6: 1638 daAuts
     D:2: 1591 daAuts
     D:4: 1211 daAuts
     D:3: 1202 daAuts
     D:1: 1041 daAuts
     D:5: 1001 daAuts
     D:7: 888 daAuts
  Temple: 218 daAuts
